 Dungeon Crawl Stone Soup version 0.32-a0-711-g016ad743e0 (webtiles) character file.

Game seed: 10534064084816490761

324 GeoRichter the Firebug (level 6, -1/43 (45) HPs)
             Began as a Mountain Dwarf Fire Elementalist on Mar 15, 2024.
             Slain by Terence
             ... wielding a +0 mace of protection
              (6 damage)
             ... on level 3 of the Dungeon.
             The game lasted 00:05:15 (2799 turns).

GeoRichter the Firebug (MDFE)                       Turns: 2799, Time: 00:05:15

HP:   -1/43 (45)    AC:  5    Str: 11    XL:     6   Next: 23%
MP:   1/20          EV:  9    Int: 17    God:
Gold: 108           SH:  0    Dex: 10    Spells: 8/11 levels left

rFire   . . .        f - +4 dagger
rCold   . . .        (no shield)
rNeg    . . .        c - +0 ring mail
rPois   .            (no helmet)
rElec   .            (no cloak)
rCorr   .            (no gloves)
SInv    .            (no boots)
Will    .....        (no amulet)
Stlth   +            g - ring of magical power
HPRegen 0.27/turn    (no ring)
MPRegen 0.17/turn

%: no passive effects
@: lightly drained
A: runic magic, artefact enchanting
a: no special abilities


You were on level 3 of the Dungeon.
You visited 1 branch of the dungeon, and saw 3 of its levels.

You collected 108 gold pieces.

Inventory:

Hand Weapons
 f - a +4 dagger (weapon)
   (You took it off a kobold on level 2 of the Dungeon)
Armour
 c - a +0 ring mail (worn)
   (You found it on level 1 of the Dungeon)
 k - a +0 helmet
   (You took it off Robin on level 2 of the Dungeon)
Jewellery
 g - a ring of magical power (left hand)
   (You found it on level 2 of the Dungeon)
Wands
 l - a wand of flame (1)
   (You found it on level 3 of the Dungeon)
Scrolls
 a - a scroll of teleportation {unknown}
 b - a scroll of vulnerability {!r}
 h - a scroll of enchant armour {unknown}
 m - a scroll of amnesia {unknown}
Potions
 d - 4 potions of curing {@q1}
 e - 2 potions of mutation {!q}
 i - a potion of heal wounds {unknown}
 j - a potion of resistance {unknown}


   Skills:
 - Level 1.3 Dodging
 - Level 1.4 Stealth
 + Level 3.4 Spellcasting
 - Level 0.8 Conjurations
 * Level 7.2 Fire Magic


You had 8 spell levels left.
You knew the following spells:

 Your Spells              Type           Power      Damage    Failure   Level
a - Foxfire               Conj/Fire      64%        2x1d7     3%          1
b - Scorch                Fire           54%        2d7       1%          2

Your spell library contained the following spells:

 Spells                   Type           Power      Damage    Failure   Level
 Inner Flame              Hex/Fire       15%        N/A       14%         3
 Volatile Blastmotes      Fire/Tloc      30%        2d12      14%         3
 Flame Wave               Conj/Fire      16%        2d7       36%         4
 Summon Forest            Summ/Tloc      1%         N/A       99%         5
 Eringya's Noxious Bog    Alch           1%         4d6       100%        6
 Summon Hydra             Summ           1%         N/A       100%        7


Dungeon Overview and Level Annotations

Branches:
Dungeon (3/15) Zot: 15197

Altars:

Annotations:
D:3 Terence


Innate Abilities, Weirdness & Mutations

Your spellcasting is much less encumbered by armour.
You can use scrolls of enchantment on lesser artefacts.


Message History

Terence is almost dead.
Terence hits you with a +0 mace of protection.
You closely miss Terence.
Terence is almost dead.
Terence hits you but does no damage.
You closely miss Terence.
Terence is almost dead.
Terence bares his teeth.
Terence closely misses you.
You hit Terence but do no damage.
Terence is almost dead.
Terence hits you with a +0 mace of protection.
You hit Terence but do no damage.
Terence is almost dead.
Terence hits you with a +0 mace of protection!
* * * LOW HITPOINT WARNING * * *
Casting: Foxfire (safe; 3% risk of failure)
Press: ? - help, Q - select action, (/) - cycle Dir - look around, f - activate You conjure some foxfire!
Terence misses you.
Casting: Foxfire (safe; 3% risk of failure)
Press: ? - help, Q - select action, (/) - cycle Dir - look around, f - activate You conjure some foxfire!
The foxfire hits Terence but does no damage.
Terence is almost dead.
The foxfire hits Terence but does no damage.
Terence is almost dead.
Terence screams, "I want your blood!" Terence barely misses you.
You hit Terence but do no damage.
Terence is almost dead.
The foxfire hits Terence but does no damage.
Terence is almost dead.
The foxfire hits Terence but does no damage.
Terence is almost dead.
Terence hits you with a +0 mace of protection.
* * * LOW HITPOINT WARNING * * *
You closely miss Terence.
Terence is almost dead.
Terence hits you with a +0 mace of protection!
* * * LOW HITPOINT WARNING * * *
You barely miss Terence.
Terence is almost dead.
Terence says, "Time to say good-bye..."
Terence completely misses you.
You hit Terence but do no damage.
Terence is almost dead.
Terence hits you with a +0 mace of protection.
You die...
Terence says, "That felt goooood."

....... ...... .....#
...... .....# #.... .....#
.... .....# ... .....#
.... .....# ##### #.#ยง#
...########...###@#.#
...+.......<>...@...#
...##.....#...##...##
....#.#.#.#...##...#####
....#.#................#
....#.#.......#........#
##........###.#.#......###
#..#...#.# #.#.#......+.#
#.##...#.# #.#.#......#.#
#.##.....# #.#.#......#.#


You could see Terence.

Vanquished Creatures
  Grinder (D:3)
  Robin (D:2)
  4 adders
  2 dart slugs
  A ribbon worm (D:3)
  3 orcs
  11 endoplasms
  3 giant cockroaches
  14 goblins
  7 hobgoblins
  4 jackals (D:1)
  8 kobolds
  4 ball pythons
  3 frilled lizards
  4 rats
70 creatures vanquished.

Vanquished Creatures (others)
  77 foxfires
77 creatures vanquished.

Grand Total: 147 creatures vanquished

Notes
Turn   | Place    | Note
-------+----------+-------------------------------------------
     0 | D:1      | GeoRichter the Mountain Dwarf Fire Elementalist began the
                  | quest for the Orb.
     0 | D:1      | Reached XP level 1. HP: 14/14 MP: 3/3
   125 | D:1      | Reached skill level 4 in Fire Magic
   128 | D:1      | Reached XP level 2. HP: 17/20 MP: 0/5
   605 | D:1      | Reached XP level 3. HP: 19/26 MP: 3/6
   988 | D:2      | Reached skill level 5 in Fire Magic
   991 | D:2      | Learned a level 2 spell: Scorch
  1815 | D:3      | Reached XP level 4. HP: 33/33 MP: 7/7
  1901 | D:3      | Noticed Robin
  2035 | D:2      | Killed Robin
  2279 | D:3      | Noticed Grinder
  2289 | D:3      | Killed Grinder
  2290 | D:3      | Reached skill level 7 in Fire Magic
  2290 | D:3      | Reached XP level 5. HP: 31/38 MP: 5/10
  2290 | D:3      | Reached XP level 6. HP: 37/45 MP: 5/11
  2507 | D:3      | Noticed Terence
  2799 | D:3      | Slain by Terence

Illustrated notes

Levels and vault maps discovered:
D:1:      spicycebolla_arrival_xxxplode, layout_rooms, corexii_hall_statues_l
D:2:      layout_basic
D:3:      layout_basic, nicolae_vehumet_radiance, minmay_pentomino_pile,
          uniq_grinder, uniq_terence, uniq_robin, uniq_sigmund

Skill      XL: |  1  2  3  4 |
---------------+-------------+-----
Fire Magic     | 4 5 7 |  7.2
Spellcasting   | 2 3 |  3.4
Dodging        | |  1.3
Stealth        | |  1.4
Conjurations   | |  0.8

Action                     |  1- 3 |  4- 6 || total
---------------------------+-------+-------++-------
  Melee: Dagger            |    21 |    18 ||    39
         Unarmed           |     2 |       ||     2
   Cast: Foxfire           |    38 |     7 ||    45
         Scorch            |    12 |    47 ||    59
  Evoke: Wand              |       |     4 ||     4
    Use: Potion            |     1 |       ||     1
         Scroll            |       |     3 ||     3
 Armour: Ring mail         |    20 |    40 ||    60
         Robe              |     3 |       ||     3
  Dodge: Dodged            |    12 |    26 ||    38

Table legend: (Time is in decaauts)
 A = Elapsed time spent in this place.
 B = Non-inter-level travel time spent in this place.
 C = Inter-level travel time spent in this place.
 D = Time resting spent in this place.
 E = Time spent auto-exploring this place.
 F = Levels seen in this place.
 G = Mean time per level.
                   A        B        C        D        E       F      G
               +--------+--------+--------+--------+--------+-----+--------+
         Total |   2801 |   2700 |    101 |    141 |   2092 |   3 |  933.7 |
       Dungeon |   2801 |   2700 |    101 |    141 |   2092 |   3 |  933.7 |
               +--------+--------+--------+--------+--------+-----+--------+

Top non-repeatable levels by time:
     D:2: 1214 daAuts
     D:1: 858 daAuts
     D:3: 728 daAuts
